 Dungeon Crawl Stone Soup version 0.30-a0-883-g5ad918d77d (webtiles) character file.

Game seed: 4828242682900504365

28208 LobsterGuardian the Cleaver (level 13, -9/103 HPs)
             Began as a Demonspawn Gladiator on Mar 15, 2023.
             Was a High Priest of Uskayaw.
             Mangled by a death yak (21 damage)
             ... on level 4 of the Lair of Beasts.
             The game lasted 00:43:20 (10667 turns).

LobsterGuardian the Cleaver (Demonspawn Gladiator) Turns: 10667, Time: 00:43:21

Health: -9/103     AC: 12    Str: 15    XL:     13   Next: 8%
Magic:  19/19      EV: 15    Int: 11    God:    Uskayaw [*****.]
Gold:   600        SH:  0    Dex: 18    Spells: 12/12 levels left

rFire   . . .      SeeInvis .    a - +1 war axe (spect)
rCold   + . .      Faith    .    (no shield)
rNeg    . . .      Spirit   .    r - +0 ring mail {rC+}
rPois   .          Reflect  .    (helmet restricted)
rElec   .          Rampage  .    (no cloak)
rCorr   +                        (no gloves)
Will    .....                    l - +1 pair of boots
Stlth   +                        k - amulet of regeneration
HPRegen 1.17/turn                p - ring of wizardry
MPRegen 0.16/turn                w - ring of resist corrosion

@: no status effects
A: antennae 2, molten scales 2, ignite blood 2, spiny 2, talons 1
a: Renounce Religion, Stomp, Line Pass, Grand Finale


You were on level 4 of the Lair of Beasts.
You worshipped Uskayaw.
Uskayaw was aware of your devotion.
You visited 3 branches of the dungeon, and saw 15 of its levels.
You also visited: Ossuary.

You collected 600 gold pieces.

Inventory:

Hand Weapons
 a - a +1 spectral war axe (weapon)
 x - a +2 flail of draining
 H - a +3 hand axe of electrocution
Missiles
 e - a javelin (quivered)
Armour
 l - a +1 pair of boots (worn)
 r - a +0 ring mail of cold resistance (worn)
Jewellery
 f - an amulet of magic regeneration
 k - an amulet of regeneration (around neck)
 p - a ring of wizardry (left hand)
 w - a ring of resist corrosion (right hand)
 A - a ring of ice
Wands
 i - a wand of digging (13)
 D - a wand of charming (21)
 E - a wand of roots (16)
 I - a wand of flame (7)
Scrolls
 b - a scroll of magic mapping {unknown}
 m - a scroll of enchant armour
 o - 7 scrolls of teleportation
 q - 2 scrolls of amnesia
 v - 2 scrolls of blinking
 y - 3 scrolls of silence {unknown}
 C - a scroll of poison {unknown}
 F - 3 scrolls of immolation {unknown}
 J - 3 scrolls of enchant weapon
Potions
 c - a potion of magic
 d - 4 potions of cancellation
 g - 4 potions of curing
 h - 6 potions of might
 j - a potion of heal wounds
 n - a potion of ambrosia
 s - a potion of brilliance
 t - 2 potions of berserk rage {unknown}
 u - a potion of haste
 z - 2 potions of resistance {unknown}
 B - a potion of invisibility


   Skills:
 + Level 9.9 Fighting
 + Level 14.4 Axes
 + Level 1.7 Throwing
 + Level 7.5 Armour
 * Level 8.9 Dodging
 * Level 8.7 Invocations


You had 12 spell levels left.
You didn't know any spells.
Your spell library contained the following spells:

 Spells                   Type           Power      Damage    Failure   Level
 Beastly Appendage        Tmut           0%         N/A       26%         1
 Freeze                   Ice            0%         1d3       26%         1
 Shock                    Conj/Air       0%         1d3       26%         1
 Slow                     Hex            0%         N/A       26%         1
 Lesser Beckoning         Tloc           0%         N/A       34%         2
 Sublimation of Blood     Necr           0%         N/A       34%         2
 Wereblood                Tmut           0%         N/A       34%         2
 Call Canine Familiar     Summ           0%         N/A       56%         3
 Confusing Touch          Hex            0%         N/A       56%         3
 Frozen Ramparts          Ice            0%         1d1       56%         3
 Gell's Gravitas          Tloc           0%         N/A       56%         3
 Hailstorm                Conj/Ice       0%         3d3       56%         3
 Portal Projectile        Hex/Tloc       0%         N/A       56%         3
 Spider Form              Tmut/Pois      0%         N/A       56%         3
 Swiftness                Air            0%         N/A       56%         3
 Teleport Other           Tloc           0%         N/A       56%         3
 Vampiric Draining        Necr           0%         2d6       56%         3
 Airstrike                Air            0%         2d(0-16)  91%         4
 Ice Form                 Ice/Tmut       0%         N/A       91%         4
 Leda's Liquefaction      Hex/Erth       0%         N/A       91%         4
 Simulacrum               Ice/Necr       0%         N/A       100%        6
 Summon Hydra             Summ           0%         N/A       100%        7


Dungeon Overview and Level Annotations

Branches:
Dungeon (10/15)            Temple (1/1) D:4            Lair (4/5) D:8
  Swamp (0/4) Lair:3        Snake (0/4) Lair:3          Orc (0/2) D:9
Ossuary (visited)
  Slime: Lair:4-5

Altars:
Ashenzari
Cheibriados
Fedhas
Gozag
Hepliaklqana
Kikubaaqudgha
Makhleb
Nemelex Xobeh
Okawaru
Qazlal
Ru
Sif Muna
Trog
Uskayaw
Vehumet
Wu Jian
Xom
Yredelemnul

Annotations:
D:8 1 runed translucent door, Axe's ghost, novice MiHu
Lair:4 exclusion: ice statue


Innate Abilities, Weirdness & Mutations

You have a pair of antennae on your head.
You are mostly covered in molten scales. (AC +3)
Your demonic aura often causes spilled blood to erupt in flames.
You are mostly covered in sharp spines.
You have sharp toenails.


Message History

The death yak is lightly wounded.
Your +1 spectral war axe hits the death yak.
The death yak is engulfed in blazing flames.
The death yak closely misses you.
You slash the death yak!
The death yak is moderately wounded.
Your +1 spectral war axe hits the death yak!
Your +1 spectral war axe hits the white imp!
Your +1 spectral war axe is engulfed in freezing vapours. x2
The death yak is engulfed in blazing flames.
The death yak gores you!!
You hit the death yak but do no damage.
The death yak is heavily wounded.
Your +1 spectral war axe hits the death yak.
Your +1 spectral war axe barely misses the death yak.
Your +1 spectral war axe hits the death yak.
Your +1 spectral war axe is engulfed in freezing vapours. x2
Unknown command.
You hit the death yak but do no damage.
The death yak is heavily wounded.
Your +1 spectral war axe barely misses the death yak.
Your +1 spectral war axe hits the death yak. x2
Your +1 spectral war axe is engulfed in freezing vapours. x2
Unknown command.
The death yak is struck by your spines. The death yak gores you.
You can now merge with and destroy a victim.
The death yak attacks as you move away! The death yak closely misses you.
The death yak gores you!!
Unknown command.
You hit the death yak.
The death yak is lightly wounded.
You slash the death yak!
Your +1 spectral war axe hits the death yak but does no damage.
Your +1 spectral war axe hits the death yak.
The death yak is engulfed in blazing flames.
The death yak gores you!!
* * * LOW HITPOINT WARNING * * *
The death yak is engulfed in blazing flames.
The death yak gores you!!
You die...

##############≈≈≈#
8.........~.≈≈≈~~#
......~...≈~≈~~~##
...~..~~~~≈~~~~..##
...~~≈≈~~~~~~.....##
≈~~~~~~~~†.........#
P. #5Y..........##
P. ##YY..........##
# #(@...........#
##...........##
#.............#
##............##
#.............#
######..##P####
##..# # ##.## # #..#
### ##


You could see 3 death yaks, a white imp and a friendly +1 spectral war axe
(summoned).

Vanquished Creatures
  A boulder beetle (Lair:2)
  2 two-headed ogres
  3 death yaks
  2 bog bodies (Lair:3)
  10 elephants
  2 black mambas
  5 cane toads
  Maggie (D:8)
  7 komodo dragons
  2 ice devils (Lair:4)
  3 rime drakes
  2 polar bears (Lair:4)
  Grinder (D:3)
  13 blink frogs
  Sigmund (D:3)
  A slime creature (D:10)
  24 yaks
  A vampire (D:9)
  A wyvern (Lair:1)
  2 basilisks
  3 steam dragons
  7 water moccasins
  An acid dragon (D:10)
  An orc warrior (D:9)
  A sky beast (D:7)
  2 ice beasts
  4 black bears
  2 ogres
  18 wolves
  4 centaurs
  2 kobold brigands (D:6)
  A phantom (D:6)
  11 bullfrogs
  2 gnoll sergeants (D:7)
  4 scorpions
  2 two-headed ogre simulacra (Lair:4)
  A water moccasin zombie (Ossuary)
  4 wights (D:7)
  11 killer bees
  2 elephant simulacra (Lair:4)
  A howler monkey (D:4)
  3 orc priests
  A sleepcap (D:6)
  6 hounds
  A jelly (D:5)
  5 iguanas
  Terence (D:3)
  4 orc wizards
  A troll simulacrum (Lair:4)
  3 mummies
  11 adders
  13 gnolls
  A naga simulacrum (Lair:4)
  5 white imps
  An ufetubus (D:6)
  4 adder zombies (Ossuary)
  3 worms (D:2)
  6 dart slugs
  25 orcs
  5 endoplasms
  2 giant cockroaches
  9 goblins
  6 hobgoblins
  3 jackals (D:3)
  17 kobolds
  5 quokkas
  4 ball pythons
  4 bats
  2 frilled lizards (D:2)
  3 gnoll zombies (Ossuary)
  5 hobgoblin zombies (Ossuary)
  6 kobold zombies (Ossuary)
  6 orc zombies (Ossuary)
  4 rats
  A butterfly (D:4)
344 creatures vanquished.

Vanquished Creatures (others)
  A yak (D:9)
  6 fungi
  12 plants
19 creatures vanquished.

Grand Total: 363 creatures vanquished

Notes
Turn   | Place    | Note
-------+----------+-------------------------------------------
     0 | D:1      | LobsterGuardian the Demonspawn Gladiator began the quest
                  | for the Orb.
     0 | D:1      | Reached XP level 1. HP: 16/16 MP: 1/1
    29 | D:1      | Found a faded altar of an unknown god.
    94 | D:1      | Reached skill level 3 in Axes
   199 | D:1      | Gained mutation: You have a pair of small antennae on your
                  | head. [demonic ancestry]
   199 | D:1      | Reached XP level 2. HP: 21/22 MP: 2/2
   774 | D:2      | Gained mutation: You are partially covered in sharp spines.
                  | [demonic ancestry]
   774 | D:2      | Reached XP level 3. HP: 23/27 MP: 3/3
   784 | D:2      | Reached skill level 4 in Axes
   812 | D:2      | Reached XP level 4. HP: 31/33 MP: 4/4
   975 | D:2      | Found a shimmering altar of Xom.
  1274 | D:3      | Noticed Terence
  1285 | D:3      | Killed Terence
  1286 | D:3      | Reached skill level 5 in Axes
  1388 | D:3      | Reached XP level 5. HP: 28/39 MP: 5/5
  1601 | D:3      | Noticed Sigmund
  1611 | D:3      | Killed Sigmund
  1612 | D:3      | Reached skill level 6 in Axes
  1612 | D:3      | Gained mutation: Your demonic aura sometimes causes spilled
                  | blood to erupt in flames. [demonic ancestry]
  1612 | D:3      | Reached XP level 6. HP: 35/46 MP: 6/6
  1669 | D:3      | Noticed Grinder
  1688 | D:3      | Paralysed by Grinder for 5 turns
  1694 | D:3      | Killed Grinder
  1695 | D:3      | Reached XP level 7. HP: 41/52 MP: 7/7
  1856 | D:3      | Reached skill level 7 in Axes
  2143 | D:3      | Reached skill level 10 in Axes
  2143 | D:3      | Reached skill level 5 in Dodging
  2143 | D:3      | Gained mutation: Your demonic aura often causes spilled
                  | blood to erupt in flames. [demonic ancestry]
  2143 | D:3      | Reached XP level 8. HP: 65/65 MP: 8/8
  2203 | D:4      | Found an ornate altar of the Wu Jian Council.
  2237 | D:4      | Found an opulent altar of Gozag.
  2362 | D:4      | Found a sand-covered staircase.
  2368 | Ossuary  | Entered an ossuary
  2721 | D:4      | Found a staircase to the Ecumenical Temple.
  3150 | D:5      | Entered Level 5 of the Dungeon
  3256 | D:5      | Gained mutation: You are partially covered in molten
                  | scales. (AC +2) [demonic ancestry]
  3256 | D:5      | Reached XP level 9. HP: 64/71 MP: 9/9
  3380 | D:5      | Reached skill level 11 in Axes
  3772 | D:6      | Reached skill level 5 in Armour
  5016 | D:7      | Reached XP level 10. HP: 39/79 MP: 10/10
  5352 | Temple   | Entered the Ecumenical Temple
  5419 | Temple   | Became a worshipper of Uskayaw the Reveller
  5710 | D:7      | Reached * piety under Uskayaw
  5765 | D:7      | Reached ** piety under Uskayaw
  5879 | D:7      | Found a burning altar of Makhleb.
  5882 | D:7      | Found a basalt altar of Yredelemnul.
  6103 | D:8      | Reached *** piety under Uskayaw
  6179 | D:8      | Reached skill level 1 in Invocations
  6260 | D:8      | Noticed Maggie
  6280 | D:8      | Killed Maggie
  6371 | D:8      | Noticed a two-headed ogre
  6388 | D:8      | Killed a two-headed ogre
  6389 | D:8      | Reached skill level 12 in Axes
  6412 | D:8      | Found a blossoming altar of Fedhas.
  6414 | D:8      | Found a bloodstained altar of Trog.
  6656 | D:8      | Found a staircase to the Lair.
  6719 | D:8      | Found a shimmering blue altar of Sif Muna.
  6737 | D:8      | Found a runed translucent door.
  6740 | D:8      | Noticed Axe's ghost (novice MiHu)
  6804 | D:9      | Found a staircase to the Orcish Mines.
  7087 | D:9      | Noticed a two-headed ogre
  7106 | D:9      | Killed a two-headed ogre
  7540 | D:10     | Entered Level 10 of the Dungeon
  7549 | D:10     | Gained mutation: You are mostly covered in sharp spines.
                  | [demonic ancestry]
  7549 | D:10     | Reached XP level 11. HP: 86/86 MP: 13/13
  7568 | D:10     | Noticed a boulder beetle
  7570 | D:10     | Noticed a deep elf pyromancer
  7646 | Lair:1   | Entered Level 1 of the Lair of Beasts
  7682 | Lair:1   | Reached **** piety under Uskayaw
  7691 | Lair:1   | Reached ***** piety under Uskayaw
  7841 | Lair:1   | Gained mutation: You have sharp toenails. [potion of
                  | mutation]
  7841 | Lair:1   | Gained mutation: You have a pair of antennae on your head.
                  | [potion of mutation]
  7875 | Lair:1   | Reached skill level 5 in Invocations
  7923 | Lair:1   | Upgraded the game from 0.30-a0-881-g1ff12e1e11 to
                  | 0.30-a0-883-g5ad918d77d
  9001 | Lair:2   | Reached skill level 13 in Axes
  9189 | Lair:2   | Reached XP level 12. HP: 80/94 MP: 16/16
  9558 | Lair:2   | Noticed a boulder beetle
  9570 | Lair:2   | Killed a boulder beetle
 10103 | Lair:3   | Reached skill level 14 in Axes
 10139 | Lair:3   | Found a staircase to the Snake Pit.
 10206 | Lair:3   | Found a staircase to the Swamp.
 10501 | Lair:4   | Noticed a death yak
 10501 | Lair:4   | Noticed a death yak
 10530 | Lair:4   | Noticed a death yak
 10537 | Lair:3   | Killed a death yak
 10637 | Lair:4   | Gained mutation: You are mostly covered in molten scales.
                  | (AC +3) [demonic ancestry]
 10637 | Lair:4   | Reached XP level 13. HP: 102/103 MP: 19/19
 10667 | Lair:4   | Mangled by a death yak

Illustrated notes

Levels and vault maps discovered:
D:1:      mrwooster_arrival_statue, layout_basic,
          hellmonk_ecumenical_altar_run_dry
D:2:      layout_rooms, basic_altar
D:3:      minmay_wonky_spiral, layout_loops_cross, roderic_filled_cross,
          serial_bayou_pond_b, uniq_sigmund, uniq_terence, uniq_grinder
D:4:      layout_cave_pods, mainiacjoe_overflow_brackets, grunt_gozag_statues,
          minmay_temple_entry_butterflies, gup_ossuary_entry_pyramid
D:5:      layout_cave_pools, tso_altar
D:6:      minmay_evil_eye, layout_rooms, minmay_fractal_squares_gapless_5
D:7:      layout_basic, mainiacjoe_overflow_big_doors, minmay_misc_feat_cross,
          serial_bayou_lagoon_a, minivault_26, kennysheep_generic_room_14
D:8:      layout_loops_ring, nicolae_sif_muna_little_library,
          lemuel_doored_altar, chequers_temple_overflow_statue_of_worship,
          lair_entry_dummy, ebering_ghost_reflecting_pool, grunt_ministairs_1,
          uniq_maggie
D:9:      layout_loops_cross, orc_0_dummy, ebering_dispersal_statue_hall
D:10:     minmay_bloctagon_deflated, layout_irregular_city, kennysheep_mini,
          serial_shops, nicolae_shop_bloodbath_and_beyond
Temple:   nicolae_temple_x_marks_the_god
Lair:1:   layout_long_grid
Lair:2:   layout_long_grid, grunt_megastairs_3
Lair:3:   layout_big_grid, skrybe_swamp_entry_bodies, dummy_snake_entry
Lair:4:   dreamdust_isle_of_ice, layout_cave_pods, dpeg_slime_entry_enclosed,
          basic_altar

Skill      XL: |  1  2  3  4  5  6  7  8  9 10 11 12 |
---------------+-------------------------------------+-----
Axes           | 3 4 5 6 10 11 12 13 14 | 14.4
Fighting       | 3 6 7 8 9 |  9.9
Armour         | 4 5 6 7 |  7.5
Dodging        | 5 6 7 8 |  8.9
Invocations    | 3 6 8 |  8.7
Throwing       | |  1.7

Action                     |  1- 3 |  4- 6 |  7- 9 | 10-12 | 13-15 || total
---------------------------+-------+-------+-------+-------+-------++-------
  Melee: War axe           |    75 |    64 |   220 |   349 |    23 ||   731
         Punch             |       |       |     6 |     4 |     1 ||    11
  Throw: Throwing net      |     2 |     6 |       |       |       ||     8
         Javelin           |       |       |     1 |     3 |       ||     4
 Invoke: Line Pass         |       |       |       |     2 |       ||     2
         Stomp             |       |       |       |     1 |       ||     1
  Evoke: Wand              |       |       |       |     3 |       ||     3
    Use: Scroll            |     4 |     1 |     4 |    10 |       ||    19
         Potion            |       |       |     1 |     4 |       ||     5
   Stab: Sleeping          |       |     2 |     2 |       |       ||     4
         Distracted        |       |       |     1 |     8 |     1 ||    10
         Paralysed         |       |       |       |    25 |     1 ||    26
         Confused          |       |       |       |     1 |       ||     1
 Armour: Leather armour    |    26 |     7 |     4 |       |       ||    37
         Ring mail         |       |       |    71 |    65 |     4 ||   140
  Dodge: Dodged            |    44 |    26 |   128 |   170 |    10 ||   378

Table legend: (Time is in decaauts)
 A = Elapsed time spent in this place.
 B = Non-inter-level travel time spent in this place.
 C = Inter-level travel time spent in this place.
 D = Time resting spent in this place.
 E = Time spent auto-exploring this place.
 F = Levels seen in this place.
 G = Mean time per level.
                   A        B        C        D        E       F      G
               +--------+--------+--------+--------+--------+-----+--------+
         Total |  10689 |   9260 |   1429 |     29 |   7304 |  16 |  668.1 |
       Dungeon |   7933 |   6766 |   1167 |     15 |   5408 |  10 |  793.3 |
        Temple |     77 |     51 |     26 |      0 |     46 |   1 |   77.0 |
          Lair |   2549 |   2314 |    235 |     14 |   1790 |   4 |  637.2 |
       Ossuary |    128 |    128 |      0 |      0 |     60 |   1 |  128.0 |
               +--------+--------+--------+--------+--------+-----+--------+

Top non-repeatable levels by time:
     D:7: 1494 daAuts
     D:3: 1026 daAuts
     D:4: 992 daAuts
     D:6: 914 daAuts
  Lair:1: 840 daAuts
  Lair:2: 814 daAuts
     D:8: 798 daAuts
     D:9: 786 daAuts
  Lair:3: 687 daAuts
     D:1: 680 daAuts
     D:2: 595 daAuts
     D:5: 589 daAuts
  Lair:4: 207 daAuts
 Ossuary: 128 daAuts
  Temple: 77 daAuts
